AoeStats
← Lukascimice

Arabia

508455373Analyzed
1v1 RM · 10d ago on Sep 22, 2026· 80m 5s· 2 players
Game mode
Random Map
Map size
Tiny (2 player)
Population
200
Speed
Normal
Resources
Standard
Victory
Conquest
Starting age
Dark Age
Ending age
Imperial Age
RankedLock teamsTeams togetherTeam positionsShared explorationLock speedFull tech treeHidden civsTurbo modeCheats
Victory
Defeat
🇨🇿 Persians · Czechia
728
+16
🇨🇳 Aztecs · China
735
-16
Lukascimice
9:03 Loom
10:49 Feudal Age
12:50 Double-Bit Axe
12:56 Horse Collar
17:26 Gold Mining
17:58 Forging
18:43 Man-at-Arms
23:39 Castle Age
21:57 Gold Mining
23:09 Stone Mining
23:46 Fletching
26:15 Parthian Tactics
25:24 Long Swordsman
27:13 Padded Archer Armor
28:23 Bow Saw
28:34 Husbandry
30:24 Bloodlines
30:24 Heavy Plow
32:47 Wheelbarrow
33:21 Gold Shaft Mining
33:07 Scale Barding Armor
33:09 Squires
33:01 Gambesons
35:47 Hand Cart
37:14 Thumb Ring
39:56 Imperial Age
38:51 Town Watch
38:29 Elite Skirmisher
39:34 Ballistics
39:39 Cavalier
41:11 Onager
42:33 Crop Rotation
43:12 Two-Man Saw
44:11 Savar
47:31 Scale Mail Armor
49:56 Iron Casting
51:07 Murder Holes
50:46 Heavy Cavalry Archer
55:10 Gold Shaft Mining
56:47 Chain Barding Armor
57:27 Blast Furnace
56:25 Bodkin Arrow
56:45 Leather Archer Armor
58:37 Stone Shaft Mining
60:37 Plate Barding Armor
60:03 Scale Mail Armor
61:53 Ring Archer Armor
72:54 Chemistry
尼古德拉卿
11:06 Feudal Age
12:03 Double-Bit Axe
13:34 Horse Collar
19:13 Castle Age
24:16 Elite Skirmisher
28:46 Fervor
31:32 Squires
30:56 Eagle Warrior
35:20 Treadmill Crane
35:58 Bow Saw
36:51 Redemption
37:02 Sanctity
36:45 Atonement
36:42 Loom
36:46 Town Watch
37:38 Wheelbarrow
38:51 Forging
38:41 Scale Mail Armor
42:07 Imperial Age
40:36 Atlatl
40:31 Fletching
41:15 Devotion
42:18 Heavy Plow
43:17 Iron Casting
44:46 Garland Wars
44:48 Conscription
45:20 Elite Eagle Warrior
47:52 Siege Engineers
48:48 Chemistry
48:06 Pikeman
50:02 Blast Furnace
49:18 Chain Mail Armor
50:46 Elite Jaguar Warrior
55:04 Plate Mail Armor
58:11 Murder Holes
58:37 Ballistics
61:44 Bodkin Arrow
61:50 Padded Archer Armor
Connection lost

Rejoining the realm…

Still unreachable

The connection could not be restored.

Session expired

The server has moved on; the page needs a fresh start.